Map: Cyber Forest LE

Players

Adapt

  • Race: Zerg Zerg
  • Spawn Location: 5:00

Narloki - Winner!

  • Race: Protoss Protoss
  • League: Master
  • Spawn Location: 11:00

VOD

Have the link to the VOD?

Description

close game, decision making

Time

  • Played on: Jan. 25, 2019, 8:55 p.m.
  • Length: 23:57
Show
View Real Time Build Order
Export as new Build Order

Adapt Zerg 

Build Orders: Hatch First, Lurkers, Roach Hydra 

Get SALT Encoding   

  12  0:01  Drone  
  13  0:13  Overlord  
  13  0:18  Drone  
  14  0:31  Drone x2  
  16  0:50  Hatchery  
  16  0:56  Drone  
  16  0:59  Drone  
  16  1:01  Drone  
  18  1:16  Spawning Pool  
  18  1:18  Drone  
  18  1:21  Drone  
  19  1:29  Drone  
  20  1:46  Hatchery  
  19  1:48  Drone  
  20  1:55  Drone  
  21  2:02  Drone  
  21  2:03  Queen  
  24  2:12  Drone  
  24  2:14  Zergling x4  
  27  2:27  Overlord  
  27  2:30  Drone  
  27  2:32  Extractor  
  27  2:33  Extractor  
  27  2:36  Drone x2  
  30  2:44  Queen  
  30  2:46  Overlord  
  32  2:56  Extractor  
  32  2:57  Extractor  
  32  2:58  Drone x3  
  32  3:03  Queen  
  34  3:05  Drone  
  34  3:06  Drone  
  34  3:07  Drone  
  34  3:12  Roach Warren  
  36  3:15  Drone  
  36  3:17  Drone x2  
  36  3:19  Drone  
  40  3:23  Drone  
  41  3:33  Overlord  
  41  3:37  Overlord  
  41  3:50  Queen  
  41  3:53  Roach x3  
  41  3:55  Overlord x2  
  49  4:00  Roach x2  
  53  4:03  Roach  
  53  4:05  Drone  
  53  4:07  Drone  
  57  4:15  Drone  
  57  4:16  Drone x4  
  62  4:25  Roach x3  
  65  4:34  Zergling x6  
  65  4:35  Zergling x4  
  65  4:37  Roach  
  70  4:41  Drone x2  
  72  4:45  Lair  
  61  5:03  Drone x3  
  61  5:04  Drone x3  
  65  5:18  Metabolic Boost  
  65  5:20  Drone  
  66  5:21  Drone  
  66  5:22  Drone x4  
  71  5:35  Drone  
  71  5:36  Drone x2  
  71  5:39  Overlord x2  
  74  5:44  Glial Reconstitution  
  74  5:46  Hydralisk Den  
  73  5:50  Drone, Extractor  
  73  5:52  Extractor  
  71  6:00  Drone  
  71  6:02  Drone  
  73  6:05  Evolution Chamber, Drone  
  73  6:06  Evolution Chamber, Drone x3  
  73  6:09  Drone x2  
  77  6:14  Drone  
  77  6:17  Grooved Spines  
  78  6:19  Drone  
  78  6:22  Extractor  
  78  6:23  Extractor  
  78  6:24  Drone  
  78  6:26  Drone  
  78  6:30  Queen  
  78  6:32  Hatchery  
  80  6:37  Drone x3  
  80  6:38  Drone x2  
  85  6:40  Drone x2  
  85  6:42  Zerg Melee Weapons Level 1  
  85  6:43  Zerg Missile Weapons Level 1  
  85  6:46  Drone  
  88  6:55  Nydus Network  
  88  6:59  Infestation Pit  
  87  7:05  Lurker Den  
  87  7:06  Drone  
  87  7:10  Drone  
  88  7:16  Drone x2  
  88  7:17  Overlord x4  
  90  7:24  Overlord  
  90  7:25  Overlord x2  
  90  7:27  Drone  
  88  7:33  Drone x2  
  90  7:39  Hydralisk x6  
  101  7:46  Drone  
  101  7:47  Drone x4  
  101  7:50  Hydralisk  
  108  7:58  Hydralisk x2  
  108  8:04  Hydralisk  
  114  8:13  Hydralisk x2  
  118  8:23  Drone x2  
  120  8:28  Muscular Augments  
  120  8:31  Hive, Hatchery  
  120  8:34  Pneumatized Carapace, Spire  
  118  8:49  Roach x3  
  118  8:50  Roach x4  
  118  8:51  Roach  
  134  8:59  Hydralisk  
  134  9:00  Hydralisk x4  
  144  9:03  Zerg Missile Weapons Level 2  
  144  9:20  Hydralisk  
  146  9:32  Overlord x2  
  146  9:33  Overlord x4  
  146  9:45  Hydralisk x3  
  148  9:49  Overseer x2  
  152  9:53  Zergling x22  
  152  9:56  Lurker x2  
  152  9:57  Lurker x5  
  170  10:00  Zergling x2  
  170  10:01  Zergling x6  
  174  10:08  Zergling x6  
  177  10:27  Hydralisk x5  
  177  10:28  Hydralisk x5  
  187  10:32  Zergling x6  
  191  10:37  Extractor  
  191  10:38  Drone, Extractor  
  179  10:43  Zergling x2  
  179  10:46  Greater Spire  
  179  10:48  Hydralisk x2  
  156  10:56  Hydralisk  
  144  10:57  Hydralisk x3  
  133  11:13  Hydralisk x4  
  121  11:29  Lurker x3  
  124  11:36  Drone  
  124  11:38  Drone  
  124  11:39  Zergling x24  
  138  11:44  Drone  
  138  11:45  Drone  
  138  11:46  Drone  
  141  11:54  Corruptor  
  141  11:55  Corruptor x4  
  151  12:04  Hatchery  
  150  12:20  Corruptor x3  
  156  12:23  Hydralisk x6  
  161  12:49  Brood Lord  
  158  12:51  Overlord  
  158  12:52  Overlord x5  
  158  13:05  Spine Crawler  
  157  13:06  Spine Crawler x2  
  157  13:07  Spine Crawler  
  157  13:08  Spine Crawler x2  
  157  13:09  Spine Crawler x4  
  157  13:10  Spine Crawler x2, Drone x3  
  157  13:11  Spine Crawler  
  148  13:15  Brood Lord  
  152  13:20  Brood Lord x2  
  158  13:27  Brood Lord  
  158  13:42  Zergling x22  
  169  13:52  Brood Lord x2  
  169  13:55  Drone  
  174  13:58  Corruptor  
  176  14:07  Brood Lord  
  178  14:11  Zergling x14  
  159  14:31  Hydralisk x6  
  159  14:32  Hydralisk  
  173  14:46  Lurker x6  
  173  14:47  Lurker x3  
  176  15:08  Zergling x2  
  176  15:09  Zergling x28  
  172  15:33  Corruptor x5  
  166  15:45  Corruptor x2  
  157  15:53  Pathogen Glands  
  145  16:17  Infestor x7  
  158  16:34  Zerg Flyer Armor Level 1  
  155  16:42  Hydralisk  
  155  16:43  Hydralisk x3  
  152  16:50  Extractor  
  152  16:53  Extractor  
  146  16:57  Neural Parasite  
  146  17:08  Burrow  
  146  17:12  Hydralisk x6  
  156  17:27  Hydralisk x4  
  160  17:48  Hydralisk x7  
  126  18:01  Drone  
  127  18:07  Corruptor x4  
  135  18:16  Drone  
  135  18:17  Lurker x4  
  135  18:18  Lurker  
  141  18:21  Corruptor  
  141  18:25  Lurker  
  144  18:31  Drone x2  
  144  18:32  Drone x2  
  144  18:33  Drone  
  149  18:37  Zerg Ground Armor Level 1  
  149  18:56  Brood Lord  
  149  18:57  Brood Lord  
  149  18:58  Brood Lord  
  149  18:59  Brood Lord  
  157  19:04  Corruptor x2  
  161  19:24  Corruptor  
  161  19:25  Corruptor x3  
  169  19:52  Corruptor x8  
  181  20:05  Zergling x20  
  181  20:06  Zergling x2  
  189  20:14  Hydralisk x3  
  189  20:15  Hydralisk  
  166  20:43  Hydralisk x11  
  166  20:44  Hydralisk  
  190  20:54  Hydralisk x4  
  182  21:08  Spire  
  178  21:19  Extractor  
  178  21:21  Hatchery  
  178  21:22  Extractor  
  161  21:59  Nydus Network  
  161  22:00  Lurker Den  
  159  22:09  Hydralisk x18  
  187  22:27  Hydralisk x4  
  152  23:13  Nydus Canal  
  152  23:16  Zergling x32  
  152  23:17  Zergling x24  
  171  23:22  Zergling x8  
  171  23:24  Overlord x2  
  168  23:33  Nydus Canal  
Show
View Real Time Build Order
Export as new Build Order

Narloki Protoss - Winner!

Build Orders: 1 Gate Expand, Archon Immortal 

Get SALT Encoding   

  12  0:01  Probe  
  13  0:13  Probe  
  14  0:21  Pylon  
  14  0:26  Probe  
  15  0:37  Probe  
  16  0:43  Gateway  
  16  0:45  Probe  
  17  0:50  Assimilator  
  17  0:53  Probe  
  18  1:05  Probe  
  19  1:19  Probe  
  20  1:31  Cybernetics Core  
  20  1:40  Nexus  
  20  1:48  Warp Gate  
  20  1:50  Probe  
  20  1:51  Pylon  
  21  1:58  Adept  
  23  2:13  Probe  
  24  2:28  Stalker  
  26  2:31  Gateway  
  26  2:39  Probe  
  27  2:44  Gateway  
  27  2:46  Pylon  
  27  2:52  Probe  
  27  2:55  Probe  
  27  2:58  Adept  
  31  3:04  Probe  
  32  3:07  Probe  
  33  3:16  Probe  
  33  3:19  Probe  
  35  3:28  Probe, Assimilator  
  35  3:32  Assimilator, Probe  
  37  3:37  Adept x2  
  37  3:39  Adept  
  37  3:41  Probe  
  44  3:44  Pylon, Probe  
  45  3:53  Probe  
  46  3:56  Probe  
  46  3:58  Adept  
  46  3:59  Adept  
  46  4:00  Adept  
  53  4:06  Probe  
  53  4:08  Probe  
  55  4:16  Twilight Council  
  55  4:18  Robotics Facility  
  55  4:23  Assimilator  
  55  4:30  Probe x2  
  55  4:42  Probe x2  
  55  4:54  Probe x2  
  55  4:58  Immortal  
  51  5:02  Charge  
  51  5:06  Probe x2  
  51  5:07  Forge  
  51  5:08  Templar Archives  
  51  5:11  Pylon  
  53  5:18  Probe x2  
  55  5:23  Pylon  
  55  5:25  Pylon  
  55  5:38  Immortal  
  59  5:47  Protoss Ground Weapons Level 1  
  59  5:51  Zealot x3  
  59  5:55  Probe  
  59  5:56  Probe  
  67  6:07  Gateway  
  67  6:08  Probe x2  
  67  6:09  Gateway  
  67  6:10  Nexus  
  69  6:11  Pylon  
  69  6:12  Warp Prism  
  71  6:30  Gateway  
  71  6:33  Gateway  
  71  6:35  Gateway  
  71  6:47  Probe  
  71  6:48  Probe  
  71  6:52  High Templar  
  71  6:53  High Templar  
  77  6:54  High Templar  
  77  7:00  Probe x2  
  81  7:01  Psionic Storm  
  81  7:06  Immortal  
  81  7:07  Forge  
  81  7:08  High Templar  
  81  7:11  Archon  
  81  7:12  Archon  
  81  7:14  Probe x2  
  89  7:24  Shield Battery, Protoss Ground Weapons Level 2  
  89  7:25  Shield Battery  
  89  7:26  Probe x2  
  91  7:35  Probe  
  92  7:38  Probe x2  
  94  7:47  Probe  
  94  7:50  Probe  
  96  7:52  Zealot x5  
  96  7:53  Zealot  
  108  7:58  Probe  
  109  8:06  Probe  
  109  8:10  Probe  
  109  8:11  Probe  
  106  8:17  Pylon  
  106  8:19  Pylon, Immortal  
  108  8:20  Pylon  
  108  8:22  Protoss Ground Armor Level 1  
  108  8:27  Probe  
  109  8:35  Probe  
  110  8:41  Assimilator, High Templar x2  
  110  8:42  High Templar x3  
  110  8:43  Assimilator  
  110  8:44  Pylon  
  110  8:46  Pylon  
  110  8:47  Pylon  
  120  8:49  Probe x3  
  120  8:54  Photon Cannon  
  123  8:58  High Templar x2  
  123  9:01  Warp Prism  
  129  9:22  Zealot x2, Gateway x2  
  129  9:23  Zealot x4  
  141  9:24  Gateway  
  141  9:36  Nexus  
  141  9:38  Pylon  
  141  9:41  Gateway  
  141  9:42  Pylon  
  141  9:45  Photon Cannon  
  141  9:57  High Templar x4  
  149  10:00  Zealot x4  
  160  10:11  Stargate  
  157  10:14  Protoss Ground Weapons Level 3  
  157  10:23  Observer  
  157  10:26  Protoss Ground Armor Level 2  
  125  10:33  Zealot x7  
  125  10:34  Zealot x3  
  134  10:41  Observer  
  101  10:55  Probe x3  
  100  11:00  Zealot x9  
  118  11:10  Immortal  
  98  11:28  Probe x2  
  98  11:32  Assimilator  
  100  11:33  Zealot  
  100  11:34  Zealot x8  
  100  11:36  Assimilator  
  118  11:49  Gateway  
  118  11:50  Gateway  
  118  11:52  Photon Cannon  
  118  11:54  High Templar x2  
  118  11:55  High Templar x2  
  118  11:56  Immortal  
  130  12:09  Probe x3  
  130  12:11  Probe  
  134  12:21  Probe  
  135  12:27  Stalker x4  
  135  12:28  Stalker  
  145  12:30  Warp Prism  
  145  12:43  Zealot  
  145  12:44  Zealot  
  147  12:56  High Templar x4  
  147  12:57  High Templar x2  
  147  12:58  Zealot x2  
  163  13:00  Archon x2  
  163  13:01  Archon  
  163  13:05  Pylon  
  163  13:07  Pylon  
  163  13:17  Blink  
  163  13:19  Protoss Ground Armor Level 3, Fleet Beacon  
  163  13:23  Pylon x2  
  163  13:31  Zealot x7  
  163  13:32  Zealot  
  179  13:53  Stalker x7  
  179  13:54  Stalker  
  195  14:08  Pylon  
  195  14:10  Pylon  
  195  14:15  Photon Cannon x2  
  193  14:18  Photon Cannon  
  193  14:21  Shield Battery  
  187  14:24  Shield Battery  
  178  14:43  Tempest  
  181  14:53  Stargate  
  181  14:55  Stargate  
  165  15:04  Zealot  
  163  15:20  Stalker x8  
  163  15:21  Stalker x2  
  105  15:56  Tempest, Zealot x7  
  105  15:57  Tempest x2, Zealot x3  
  120  16:00  Observer  
  133  16:22  Observer  
  131  16:30  Zealot x8  
  91  17:03  High Templar x5  
  91  17:04  High Templar x3  
  91  17:07  Archon x2  
  91  17:08  Archon x2  
  105  17:13  Immortal  
  109  17:36  Zealot x8  
  101  17:58  Fleet Beacon  
  101  18:09  Cybernetics Core  
  101  18:13  Zealot x8  
  101  18:19  Assimilator  
  117  18:32  Nexus  
  117  18:33  Pylon, High Templar  
  117  18:34  High Templar x3  
  125  18:47  Tempest x2  
  125  18:50  Stalker x3  
  125  18:51  Stalker  
  142  19:23  High Templar x2  
  146  19:28  Archon  
  146  19:42  Nexus  
  146  19:43  Pylon  
  145  19:54  Zealot x6  
  152  20:20  High Templar  
  152  20:21  High Templar x5  
  156  20:22  Zealot x2  
  166  20:31  Archon x3  
  166  20:35  Tempest x3  
  145  21:12  Nexus  
  133  21:50  Oracle  
  132  21:57  Pylon  
  130  22:02  High Templar x6  
  130  22:04  Pylon  
  142  22:09  Zealot x2  
  142  22:11  Archon x3  
  134  22:43  Zealot x5  
  134  22:44  Zealot x3  
  150  23:19  Zealot x3  
  136  23:20  Zealot x4  
  144  23:33  Stalker  
Tags
 
Add a new tag
Caveats
  • Supply blocks, unpowered buildings, or Contaminate may cause inaccurate times.
  • Supply counts are checked every 10 seconds.